 Dungeon Crawl Stone Soup version 0.27-a0-887-gcab673c142 (webtiles) character file.

Game seed: 6266483552184854734

126 rageheart7 the Skirmisher (level 4, -7/38 HPs)
             Began as a Demonspawn Monk on Apr 4, 2021.
             Was an Elder of Lugonu.
             Killed from afar by Sigmund (11 damage)
             ... with a puff of flame
             ... on level 3 of the Dungeon.
             The game lasted 00:03:12 (2507 turns).

rageheart7 the Skirmisher (Demonspawn Monk)         Turns: 2507, Time: 00:03:12

Health: -7/38      AC: 11    Str: 12    XL:     4   Next: 84%
Magic:  4/4        EV: 11    Int: 11    God:    Lugonu [****..]
Gold:   102        SH:  0    Dex: 16    Spells: 3/3 levels left

rFire    . . .     SeeInvis .   i - +2 whip (venom)
rCold    . . .     Faith    .   (no shield)
rNeg     . . .     Spirit   .   e - +0 ring mail
rPois    .         Reflect  .   (helmet restricted)
rElec    .         Harm     .   k - +0 cloak
rCorr    .         Rampage  .   (no gloves)
Will     .....                  j - +0 pair of boots
Stlth    +.........             (no amulet)
HPRegen  0.12/turn              b - +4 ring of protection
MPRegen  0.09/turn              (no ring)

@: no status effects
A: claws 1, horns 1, foul stench 1
a: Renounce Religion, Depart the Abyss, Bend Space, Banish, Corrupt


You were on level 3 of the Dungeon.
You worshipped Lugonu.
Lugonu was greatly pleased with you.
You visited 1 branch of the dungeon, and saw 3 of its levels.

You collected 102 gold pieces.

Inventory:

Hand Weapons
 i - a +2 whip of venom (weapon)
Armour
 e - a +0 ring mail (worn)
 j - a +0 pair of boots (worn)
 k - a +0 cloak (worn)
Jewellery
 b - a +4 ring of protection (left claw)
Scrolls
 c - 3 scrolls of vulnerability {unknown}
 d - 2 scrolls of enchant armour {unknown}
 f - 6 scrolls of identify {unknown}
 l - 2 scrolls of noise {unknown}
Potions
 a - a potion of flight {unknown}
 g - a potion of lignification {unknown}
 h - 2 potions of curing {unknown}


   Skills:
 * Level 4.4 Fighting
 - Level 3.3 Maces & Flails
 - Level 2.6 Dodging
 - Level 1.7 Stealth
 * Level 2.0 Unarmed Combat


You had 3 spell levels left.
You didn't know any spells.
Your spell library was empty.

Dungeon Overview and Level Annotations

Branches:
Dungeon (3/15)

Altars:
Trog
Xom
Lugonu

Annotations:
D:3 Sigmund


Innate Abilities, Weirdness & Mutations

You have sharp fingernails.
You have a pair of small horns on your head.
You may rarely emit foul miasma when damaged in melee.


Message History

You hit Sigmund but do no damage.
Sigmund is lightly wounded.
Sigmund laughs darkly.
Sigmund points at you and mumbles some strange words.
You are confused.
You are too confused!
You are too confused!
You are too confused!
You are too confused!
Sigmund gestures at you while chanting. You resist with some effort.
You bump into the rock wall.
Sigmund hits you but does no damage.
You bump into the rock wall.
Sigmund casts a spell at you.
You are more confused.
You bump into the rock wall.
Sigmund hits you but does no damage.
You bump into the rock wall.
Sigmund hits you with a +0 scythe! Sigmund gestures at you while chanting.
The magic dart hits you. Sigmund gestures at you while chanting.
The magic dart hits you!
Unknown command.
You closely miss Sigmund.
Sigmund is heavily wounded.
Sigmund hits you with a +0 scythe.
Your ring mail prevents you from hitting Sigmund.
Sigmund is heavily wounded.
Sigmund gestures at you while chanting. The magic dart hits you.
You bump into the rock wall.
Sigmund hits you but does no damage. Sigmund misses you.
You bump into the rock wall.
Sigmund screams, "I am the angel of ZOT!!!"
Sigmund hits you from afar with a +0 scythe!
* * * LOW HITPOINT WARNING * * *
You feel less confused.
Sigmund looks more healthy.
Sigmund gestures at you while chanting. The puff of flame hits you!
You die...

####.### ## ######+##
#. ...##...## #.
##.#.....## #.####
#........## ....
##.........####@#
...........+....#
##.........#.##.###<#
##..........##.@...#
##......_..####.###
##.......## .#
##+#...## .# ##### .#
.# .# .#


You could see Sigmund.

Vanquished Creatures
  3 gnolls (D:2)
  An adder (D:3)
  A worm (D:2)
  6 dart slugs
  3 orcs (D:3)
  6 ball pythons
  4 bats
  8 endoplasms
  4 giant cockroaches (D:1)
  3 goblins
  3 hobgoblins (D:1)
  10 jackals (D:1)
  2 kobolds (D:1)
  2 quokkas (D:1)
  3 frilled lizards
  4 rats
63 creatures vanquished.

Vanquished Creatures (others)
  8 plants (D:1)
8 creatures vanquished.

Grand Total: 71 creatures vanquished

Notes
Turn   | Place    | Note
-------+----------+-------------------------------------------
     0 | D:1      | rageheart7 the Demonspawn Monk began the quest for the Orb.
     0 | D:1      | Reached XP level 1. HP: 18/18 MP: 1/1
   140 | D:1      | Found a faded altar of an unknown god.
   165 | D:1      | Gained mutation: You have sharp fingernails. [demonic
                  | ancestry]
   165 | D:1      | Reached XP level 2. HP: 20/24 MP: 2/2
   173 | D:1      | Became a worshipper of Lugonu the Unformed
   173 | D:1      | Reached * piety under Lugonu
   173 | D:1      | Reached ** piety under Lugonu
   173 | D:1      | Reached *** piety under Lugonu
   845 | D:1      | Gained mutation: You have a pair of small horns on your
                  | head. [demonic ancestry]
   845 | D:1      | Reached XP level 3. HP: 27/29 MP: 3/3
   852 | D:1      | Reached **** piety under Lugonu
  1295 | D:1      | Reached skill level 1 in Unarmed Combat
  1307 | D:1      | Reached skill level 4 in Fighting
  1487 | D:2      | Gained mutation: You may rarely emit foul miasma when
                  | damaged in melee. [demonic ancestry]
  1487 | D:2      | Reached XP level 4. HP: 25/37 MP: 4/4
  1741 | D:2      | Found a shimmering altar of Xom.
  2481 | D:3      | Found a bloodstained altar of Trog.
  2488 | D:3      | Noticed Sigmund
  2507 | D:3      | Killed from afar by Sigmund

Illustrated notes

Levels and vault maps discovered:
D:1:      dpeg_arrival_round_a, layout_basic, ebering_ecumenical_altar_hall,
          serial_bayou_pond_b, minmay_hexomino_u4
D:2:      layout_basic, basic_altar
D:3:      layout_loops_corners, bloody_trog, serial_shops, shop_statue,
          uniq_sigmund

Skill      XL: |  1  2  3  4 |
---------------+-------------+-----
Maces & Flails | 3 |  3.3
Unarmed Combat | 1 2 |  2.0
Fighting       | 4 |  4.4
Dodging        | |  2.6
Stealth        | |  1.7

Action                   |  1- 3 |  4- 6 || total
-------------------------+-------+-------++-------
Melee: Mace              |   126 |       ||   126
       Headbutt          |    11 |     6 ||    17
       Whip              |     8 |    48 ||    56
 Stab: Sleeping          |     2 |     1 ||     3
Armor: Robe              |    17 |       ||    17
       Ring mail         |    38 |    17 ||    55
Dodge: Dodged            |   121 |    26 ||   147

Table legend: (Time is in decaauts)
 A = Elapsed time spent in this place.
 B = Non-inter-level travel time spent in this place.
 C = Inter-level travel time spent in this place.
 D = Time resting spent in this place.
 E = Time spent auto-exploring this place.
 F = Levels seen in this place.
 G = Mean time per level.
                   A        B        C        D        E       F      G
               +--------+--------+--------+--------+--------+-----+--------+
         Total |   2536 |   2480 |     56 |    243 |   1772 |   3 |  845.3 |
       Dungeon |   2536 |   2480 |     56 |    243 |   1772 |   3 |  845.3 |
               +--------+--------+--------+--------+--------+-----+--------+

Top non-repeatable levels by time:
     D:1: 1465 daAuts
     D:2: 615 daAuts
     D:3: 455 daAuts
